 Dungeon Crawl Stone Soup version 0.17-a0-1510-gb3fb22e (webtiles) character file.

35 Azthor the Vandal (level 3, 24/24 HPs)
             Began as a Halfling Hunter on July 10, 2015.
             Got out of the dungeon alive.
             The game lasted 00:03:12 (837 turns).

Azthor the Vandal (Halfling Hunter)                  Turns: 837, Time: 00:03:12

Health: 24/24      AC:  4    Str: 12    XL:     3   Next: 55%
Magic:  3/3        EV: 14    Int: 10    God:
Gold:   96         SH:  0    Dex: 15    Spells: 0 memorised, 2 levels left

rFire  . . .     SeeInvis .     a - +1 hunting sling
rCold  . . .     Clarity  .     d - +0 leather armour
rNeg   . . .     SustAt   .     (shield restricted)
rPois  .         Gourm    .     i - +0 helmet
rElec  .         Spirit   .     (no cloak)
rCorr  .         Warding  .     (no gloves)
rMut   .         Stasis   .     (no boots)
MR     .....                    (no amulet)
Stlth  ++........               (no ring)
                                (no ring)

@: not resistant to hostile enchantments, unstealthy
A: mutation resistance 1
a: no special abilities


You escaped.
You were not hungry.

You visited 1 branch of the dungeon, and saw 2 of its levels.

You collected 96 gold pieces.

Inventory:

Hand weapons
 a - a +1 hunting sling (weapon)
 c - a +0 short sword
Missiles
 b - 10 sling bullets (quivered)
 k - a stone
Armour
 d - a +0 leather armour (worn)
 i - a +0 helmet (worn)
Jewellery
 o - an uncursed ring of positive energy {unknown}
Scrolls
 f - 2 scrolls of remove curse {unknown}
 j - a scroll of fog {unknown}
 m - a scroll of identify {unknown}
Potions
 h - 2 potions of curing {unknown}
 n - a potion of cure mutation {unknown}
Comestibles
 e - a bread ration
 g - a beef jerky
 l - a meat ration


   Skills:
 - Level 1.7 Fighting
 + Level 7.4 Slings
 - Level 2.1 Dodging
 - Level 1.1 Stealth


You had 2 spell levels left.
You didn't know any spells.

Dungeon Overview and Level Annotations

Branches:
Dungeon (2/15)

Altars:


Innate Abilities, Weirdness & Mutations

You are small and have problems with some larger weapons.
You are somewhat resistant to further mutation.


Message History

You shoot a sling bullet. The sling bullet hits the goblin!
You kill the goblin!
Firing (i - inventory. (,) - cycle):
b - 10 sling bullets (quivered)
Press: ? - help, Shift-Dir - straight line, f - you You shoot a sling bullet.
Unknown command.
Welcome back, Azthor the Halfling Hunter.
Press ? for a list of commands and other information.
b - 10 sling bullets (gained 1)
You see here a giant cockroach corpse.
There is a stone staircase leading up here.
You climb upwards.
There is a stone staircase leading down here.
There is a stone staircase leading down here.
There is an open door here.
There is an open door here.
There is an open door here.
There is a staircase leading out of the dungeon here.
Are you sure you want to leave the Dungeon?
This will make you lose the game!
You have escaped!

...........'........'..+.........
##....##..##........####.........
##....###.##........# #.........
.+....# #.##........# #.........
##....# #.##........# #....†....
#########.##.######## #.........
........#..#.##...## #.........
........##.#.#.....# #.........
.....†..##.#.#..@..# #.........
##########...#.....# #......... #
######..##...## #######... #
##...##...##'## ##...###..# ##
#.....#.#....# ###.....##... .#
#.....'.#.##⌠# #.'.....##... .#
#.....#...#### #.#.....#.... .##
##...###..# ##.##...####.. ..#
#####...># #..###### ##.


There were no monsters in sight!

Vanquished Creatures
  An adder (D:1)
  A giant gecko (D:1)
  4 goblins
  4 hobgoblins (D:1)
  2 kobolds (D:1)
  5 bats (D:1)
  2 giant cockroaches
  5 rats (D:1)
24 creatures vanquished.

Notes
Turn   | Place    | Note
--------------------------------------------------------------
     0 | D:1      | Azthor the Halfling Hunter began the quest for the Orb.
     0 | D:1      | Reached XP level 1. HP: 14/14 MP: 1/1
    31 | D:1      | Reached skill level 6 in Slings
   103 | D:1      | Reached XP level 2. HP: 19/19 MP: 2/2
   405 | D:1      | Reached skill level 7 in Slings
   405 | D:1      | Reached XP level 3. HP: 24/24 MP: 3/3
   749 | D:2      | Upgraded the game from 0.17-a0-1504-gb7d9117 to 0.17-a0-1510-gb3fb22e
   837 | D:$      | Got out of the dungeon alive.

Vault maps used:
D:1:      noname_arrival_rooms_in_the_neighbourhood, due_unseen_surprise

Action                   || total
-------------------------++-------
 Fire: Hunting sling     ||    67
